 Dungeon Crawl Stone Soup version 0.31-a0-161-gb58dd9be76 (webtiles) character file.

Game seed: 3887758947373038904

1157 qw the Cleaver (level 8, -7/49 HPs)
             Began as a Gargoyle Fighter on June 12, 2023.
             Was an Initiate of Okawaru.
             Mangled by an ice beast (9 damage)
             ... on level 6 of the Dungeon.
             The game lasted 00:02:42 (4707 turns).

qw the Cleaver (Gargoyle Fighter)                   Turns: 4707, Time: 00:02:42

Health: -7/49      AC: 15    Str: 22    XL:     8   Next: 39%
Magic:  8/8        EV:  8    Int:  9    God:    Okawaru [......]
Gold:   42         SH:  4    Dex:  9    Spells: 7/7 levels left

rFire   . . .        Y - +0 war axe
rCold   . . .        c - +0 buckler
rNeg    + . .        h - +0 chain mail
rPois   inf          g - +0 helmet
rElec   +            (no cloak)
rCorr   .            (no gloves)
SInv    .            (no boots)
Will    .....        a - amulet of regeneration Stlth
                     (no ring)
HPRegen 1.08/turn    (no ring)
MPRegen 0.11/turn

%: no passive effects
@: about to teleport
A: sickness immunity, AC +5, negative energy resistance 1, electricity
resistance, torment resistance 1, petrification resistance
a: Renounce Religion


You were on level 6 of the Dungeon.
You worshipped Okawaru.
Okawaru was noncommittal.
You visited 2 branches of the dungeon, and saw 7 of its levels.
You also visited: Sewer.

You collected 258 gold pieces.
You spent 216 gold pieces at shops.


Innate Abilities, Weirdness & Mutations

You are immune to sickness and miasma.
Your stone body is resilient. (AC +5)
You are immune to poison.
You resist negative energy. (rN+)
You are resistant to electric shocks. (rElec)
You are resistant to unholy torment.
You are immune to petrification.


   Skills:
 + Level 5.3 Fighting
 - Level 8.1 Axes
 - Level 1.0 Throwing
 - Level 3.2 Armour
 - Level 1.0 Dodging
 - Level 3.2 Shields


You had 7 spell levels left.
You didn't know any spells.
Your spell library was empty.

Inventory:

Hand Weapons
 l - a +0 flail
 m - a +0 mace
 Y - a +0 war axe (weapon)
Armour
 c - a +0 buckler (worn)
 g - a +0 helmet (worn)
 h - a +0 chain mail (worn)
Jewellery
 a - an amulet of regeneration (around neck)
Scrolls
 f - 3 scrolls of identify
Potions
 b - a potion of heal wounds
 d - 3 potions of might
 e - 2 potions of curing
 j - 2 potions of magic
 k - 2 potions of lignification

Dungeon Overview and Level Annotations

Branches:
Dungeon (6/15)             Temple (1/1) D:5           Sewer (visited)

Altars:
Dithmenos
Elyvilon
Fedhas
Gozag
Hepliaklqana
Kikubaaqudgha
Nemelex Xobeh
Okawaru
Ru
Sif Muna
Vehumet
Wu Jian
Xom
Yredelemnul
Zin

Shops:
D:5 !


Message History

You destroy the wight!
Okawaru accepts your kill.
The wight hits you from afar with a +3 spear!
Your Axes skill increases to level 8!
You hit the ice beast.
The ice beast is lightly wounded.
The wight barely misses you.
The ice beast hits you but does no damage.
You block the ice beast's attack.
The sky beast flickers out of sight!
Deactivating autopickup; reactivate with Ctrl-A.
The wight barely misses you. The wight hits you but does no damage.
You hit the ice beast.
The ice beast is moderately wounded.
You closely miss the wight. The wight closely misses you.
The ice beast hits you but does no damage.
The wight hits you but does no damage.
You closely miss the ice beast.
The ice beast is moderately wounded.
You hit the wight.
The wight hits you from afar with a +3 spear.
The ice beast hits you. The ice beast freezes you!
The wight hits you with a +0 mace!
You slash the wight!
You destroy the wight!
Okawaru accepts your kill.
You hit the ice beast. You closely miss something.
The ice beast hits you but does no damage.
The wight hits you from afar with a +3 spear.
Something hits you but does no damage.
You slash the ice beast!
The ice beast is severely wounded.
You miss something. The ice beast hits you. The ice beast freezes you!
You block the wight's attack. Something hits you. Something shocks you.
You resist.
4707 ||| READING scroll of teleportation.
As you read the scroll of teleportation, it crumbles to dust.
You feel strangely unstable. The ice beast hits you. The ice beast freezes you!
You die...

### ......# ... .....+
#.. #.# <....#
...####.# ....#
.#......## ....#
.#...#...#######z..####
....###.........Y)....#
.............##)@..#
..#.).).#..#.##....#
.##.._..##...##....#
.[#.).).#..........#
...........#########
....###....#
.....#...#.#
.#.......#.#
............


You could see an ice beast and a wight.

Vanquished Creatures
  Sigmund (D:4)
  Pargi (Sewer)
  A sky beast (D:6)
  2 ogres
  A centaur (D:5)
  2 wights (D:6)
  5 hounds
  3 orc priests
  An iguana (D:5)
  A gnoll (D:1)
  12 adders
  A worm (D:3)
  3 dart slugs
  5 orcs
  10 bats
  6 endoplasms
  4 giant cockroaches
  7 goblins
  4 hobgoblins
  4 quokkas
  3 ball pythons
  4 frilled lizards
  4 kobolds
  6 rats
91 creatures vanquished.

Notes
Turn   | Place    | Note
-------+----------+-------------------------------------------
     0 | D:1      | qw the Gargoyle Fighter began the quest for the Orb.
     0 | D:1      | Reached XP level 1. HP: 14/14 MP: 1/1
     0 | D:1      | 0 ||| qw: Version: 0.2-a-29-gc1b59c4
     0 | D:1      | 0 ||| qw: Game counter: 4198
     0 | D:1      | 0 ||| qw: Always use a shield: true
     0 | D:1      | 0 ||| qw: God list: Okawaru
     0 | D:1      | 0 ||| qw: Allow faded altars: false
     0 | D:1      | 0 ||| qw: Do Orc after D:15 true
     0 | D:1      | 0 ||| qw: Do second Lair branch before Depths: true
     0 | D:1      | 0 ||| qw: Lair rune preference: random
     0 | D:1      | 0 ||| qw: Plans: Normal, Zot:1-4, Slime:5, God:TSO, Crypt,
                  | Tomb, Abyss, Pan, Hells, Win
     0 | D:1      | 0 ||| PLANNING D:1-11
    36 | D:1      | Reached skill level 2 in Axes
    36 | D:1      | Reached XP level 2. HP: 19/19 MP: 2/2
    36 | D:1      | 36 ||| Stepping ~*~*~tactically~*~*~ (stealth).
    38 | D:1      | 38 ||| Stepping ~*~*~tactically~*~*~ (stealth).
    40 | D:1      | 40 ||| Stepping ~*~*~tactically~*~*~ (stealth).
    42 | D:1      | 42 ||| Stepping ~*~*~tactically~*~*~ (stealth).
    44 | D:1      | 44 ||| Stepping ~*~*~tactically~*~*~ (stealth).
    46 | D:1      | 46 ||| Stepping ~*~*~tactically~*~*~ (stealth).
   128 | D:1      | 128 ||| Stepping ~*~*~tactically~*~*~ (hiding).
   248 | D:1      | Reached skill level 3 in Axes
   432 | D:1      | Reached XP level 3. HP: 23/23 MP: 3/3
   924 | D:1      | 924 ||| DROPPING ring of wizardry.
   926 | D:1      | 926 ||| READING scroll labelled BECAGH SATHUWK.
   927 | D:1      | 927 ||| READING scroll labelled KOMYRA LEDGHATE.
   928 | D:1      | 928 ||| READING scroll labelled DEXOCS XAIPP.
  1079 | D:2      | Reached skill level 1 in Throwing
  1079 | D:2      | 1079 ||| Stepping ~*~*~tactically~*~*~ (stealth).
  1091 | D:2      | 1091 ||| FLEEEEING.
  1092 | D:2      | 1092 ||| FLEEEEING.
  1093 | D:2      | 1093 ||| FLEEEEING.
  1094 | D:2      | 1094 ||| FLEEEEING.
  1095 | D:2      | 1095 ||| FLEEEEING.
  1243 | D:2      | Reached XP level 4. HP: 23/28 MP: 4/4
  1315 | D:2      | 1315 ||| Stepping ~*~*~tactically~*~*~ (stealth).
  1572 | D:2      | 1572 ||| READING scroll labelled FUEZAO ZUCAGE.
  1573 | D:2      | 1573 ||| READING scroll labelled BUCUNK FUAWN.
  1574 | D:2      | 1574 ||| READING scroll labelled KAUV EROVE.
  1754 | D:3      | Reached skill level 4 in Axes
  1831 | D:3      | 1831 ||| Stepping ~*~*~tactically~*~*~ (hiding).
  1832 | D:3      | 1832 ||| Stepping ~*~*~tactically~*~*~ (hiding).
  1852 | D:3      | Reached XP level 5. HP: 19/32 MP: 5/5
  2096 | D:3      | 2096 ||| DROPPING +0 club.
  2185 | D:3      | 2185 ||| READING scroll labelled WOECIL SUPPUPN.
  2186 | D:3      | 2186 ||| DRINKING 4 metallic purple potions.
  2331 | D:3      | 2331 ||| UPGRADING to +0 chain mail.
  2341 | D:3      | 2341 ||| DROPPING +0 scale mail.
  2401 | D:4      | Noticed Sigmund
  2429 | D:4      | HP: 4/32 [Sigmund/magic dart (7)]
  2430 | D:4      | 2430 ||| DRINKING 3 potions of heal wounds.
  2433 | D:4      | 2433 ||| DRINKING 2 potions of heal wounds.
  2435 | D:4      | Killed Sigmund
  2436 | D:4      | Reached skill level 5 in Axes
  2436 | D:4      | Reached XP level 6. HP: 32/37 MP: 6/6
  2624 | D:4      | HP: 4/38 [ogre/+0 giant club (7)]
  2625 | D:4      | 2625 ||| DRINKING potion of heal wounds.
  2629 | D:4      | HP: 9/38 [ogre/+0 giant club (20)]
  2632 | D:4      | Reached XP level 7. HP: 11/44 MP: 7/7
  3030 | D:4      | 3030 ||| READING scroll labelled YPOERE NOERRU.
  3031 | D:4      | 3031 ||| READING scroll labelled FUTHAM BOPIU.
  3054 | D:5      | Entered Level 5 of the Dungeon
  3055 | D:5      | 3055 ||| PLANNING SEWER
  3087 | D:5      | Found a glowing drain.
  3088 | D:5      | 3088 ||| READING scroll labelled AROTICINWE.
  3092 | D:5      | 3092 ||| Stepping randomly (stuck).
  3093 | D:5      | 3093 ||| Stepping randomly (stuck).
  3094 | D:5      | 3094 ||| Stepping randomly (stuck).
  3095 | D:5      | 3095 ||| Stepping randomly (stuck).
  3096 | D:5      | 3096 ||| Stepping randomly (stuck).
  3097 | D:5      | 3097 ||| Stepping randomly (stuck).
  3098 | D:5      | 3098 ||| Stepping randomly (stuck).
  3099 | D:5      | 3099 ||| Stepping randomly (stuck).
  3100 | D:5      | 3100 ||| Stepping randomly (stuck).
  3101 | D:5      | 3101 ||| Stepping randomly (stuck).
  3102 | D:5      | 3102 ||| Stepping randomly (stuck).
  3103 | D:5      | 3103 ||| Stepping randomly (stuck).
  3104 | D:5      | 3104 ||| Stepping randomly (stuck).
  3105 | D:5      | 3105 ||| Stepping randomly (stuck).
  3106 | D:5      | 3106 ||| Stepping randomly (stuck).
  3107 | D:5      | 3107 ||| Stepping randomly (stuck).
  3108 | D:5      | 3108 ||| Stepping randomly (stuck).
  3109 | D:5      | 3109 ||| Stepping randomly (stuck).
  3110 | D:5      | 3110 ||| Stepping randomly (stuck).
  3111 | D:5      | 3111 ||| Stepping randomly (stuck).
  3112 | D:5      | 3112 ||| Stepping randomly (stuck).
  3113 | D:5      | 3113 ||| Stepping randomly (stuck).
  3114 | D:5      | 3114 ||| Stepping randomly (stuck).
  3119 | D:5      | Reached skill level 6 in Axes
  3119 | D:5      | 3119 ||| Stepping randomly (stuck).
  3120 | D:5      | 3120 ||| Stepping randomly (stuck).
  3121 | D:5      | 3121 ||| Stepping randomly (stuck).
  3122 | D:5      | 3122 ||| Stepping randomly (stuck).
  3123 | D:5      | 3123 ||| Stepping randomly (stuck).
  3124 | D:5      | 3124 ||| Stepping randomly (stuck).
  3125 | D:5      | 3125 ||| Stepping randomly (stuck).
  3126 | D:5      | 3126 ||| Stepping randomly (stuck).
  3127 | D:5      | 3127 ||| Stepping randomly (stuck).
  3128 | D:5      | 3128 ||| Stepping randomly (stuck).
  3129 | D:5      | 3129 ||| Stepping randomly (stuck).
  3130 | D:5      | 3130 ||| Stepping randomly (stuck).
  3131 | D:5      | 3131 ||| Stepping randomly (stuck).
  3133 | D:5      | 3133 ||| READING 2 scrolls of identify.
  3133 | D:5      | 3133 ||| IDENTIFYING fizzy puce potion
  3134 | D:5      | 3134 ||| DROPPING potion of ambrosia.
  3135 | D:5      | 3135 ||| Stepping randomly (stuck).
  3136 | D:5      | 3136 ||| Stepping randomly (stuck).
  3137 | D:5      | 3137 ||| Stepping randomly (stuck).
  3138 | D:5      | 3138 ||| Stepping randomly (stuck).
  3139 | D:5      | 3139 ||| Stepping randomly (stuck).
  3140 | D:5      | 3140 ||| Stepping randomly (stuck).
  3141 | D:5      | 3141 ||| Stepping randomly (stuck).
  3142 | D:5      | 3142 ||| Stepping randomly (stuck).
  3143 | D:5      | 3143 ||| Stepping randomly (stuck).
  3144 | D:5      | 3144 ||| Stepping randomly (stuck).
  3145 | D:5      | 3145 ||| Stepping randomly (stuck).
  3146 | D:5      | 3146 ||| Stepping randomly (stuck).
  3147 | D:5      | 3147 ||| Stepping randomly (stuck).
  3148 | D:5      | 3148 ||| Stepping randomly (stuck).
  3149 | D:5      | 3149 ||| Stepping randomly (stuck).
  3150 | D:5      | 3150 ||| Stepping randomly (stuck).
  3151 | D:5      | 3151 ||| Stepping randomly (stuck).
  3152 | D:5      | 3152 ||| Stepping randomly (stuck).
  3153 | D:5      | 3153 ||| Stepping randomly (stuck).
  3154 | D:5      | 3154 ||| Stepping randomly (stuck).
  3155 | D:5      | 3155 ||| Stepping randomly (stuck).
  3156 | D:5      | 3156 ||| Stepping randomly (stuck).
  3157 | D:5      | 3157 ||| Stepping randomly (stuck).
  3158 | D:5      | 3158 ||| Stepping randomly (stuck).
  3159 | D:5      | 3159 ||| Stepping randomly (stuck).
  3160 | D:5      | 3160 ||| Stepping randomly (stuck).
  3161 | D:5      | 3161 ||| Stepping randomly (stuck).
  3162 | D:5      | 3162 ||| Stepping randomly (stuck).
  3163 | D:5      | 3163 ||| Stepping randomly (stuck).
  3164 | D:5      | 3164 ||| Stepping randomly (stuck).
  3165 | D:5      | 3165 ||| Stepping randomly (stuck).
  3166 | D:5      | 3166 ||| Stepping randomly (stuck).
  3167 | D:5      | 3167 ||| Stepping randomly (stuck).
  3168 | D:5      | 3168 ||| Stepping randomly (stuck).
  3169 | D:5      | 3169 ||| Stepping randomly (stuck).
  3170 | D:5      | 3170 ||| Stepping randomly (stuck).
  3171 | D:5      | 3171 ||| Stepping randomly (stuck).
  3172 | D:5      | 3172 ||| Stepping randomly (stuck).
  3173 | D:5      | 3173 ||| Stepping randomly (stuck).
  3174 | D:5      | 3174 ||| Stepping randomly (stuck).
  3175 | D:5      | 3175 ||| Stepping randomly (stuck).
  3176 | D:5      | 3176 ||| Stepping randomly (stuck).
  3177 | D:5      | 3177 ||| Stepping randomly (stuck).
  3178 | D:5      | 3178 ||| Stepping randomly (stuck).
  3179 | D:5      | 3179 ||| Stepping randomly (stuck).
  3180 | D:5      | 3180 ||| Stepping randomly (stuck).
  3181 | D:5      | 3181 ||| Stepping randomly (stuck).
  3182 | D:5      | 3182 ||| Stepping randomly (stuck).
  3183 | D:5      | 3183 ||| Stepping randomly (stuck).
  3184 | D:5      | 3184 ||| Stepping randomly (stuck).
  3185 | D:5      | 3185 ||| Stepping randomly (stuck).
  3186 | D:5      | 3186 ||| Stepping randomly (stuck).
  3187 | D:5      | 3187 ||| Stepping randomly (stuck).
  3188 | D:5      | 3188 ||| Stepping randomly (stuck).
  3189 | D:5      | 3189 ||| Stepping randomly (stuck).
  3190 | D:5      | 3190 ||| Stepping randomly (stuck).
  3191 | D:5      | 3191 ||| Stepping randomly (stuck).
  3192 | D:5      | 3192 ||| Stepping randomly (stuck).
  3193 | D:5      | 3193 ||| Stepping randomly (stuck).
  3194 | D:5      | 3194 ||| Stepping randomly (stuck).
  3195 | D:5      | 3195 ||| Stepping randomly (stuck).
  3196 | D:5      | 3196 ||| Stepping randomly (stuck).
  3197 | D:5      | 3197 ||| Stepping randomly (stuck).
  3198 | D:5      | 3198 ||| Stepping randomly (stuck).
  3199 | D:5      | 3199 ||| Stepping randomly (stuck).
  3200 | D:5      | 3200 ||| Stepping randomly (stuck).
  3201 | D:5      | 3201 ||| Stepping randomly (stuck).
  3202 | D:5      | 3202 ||| Stepping randomly (stuck).
  3203 | D:5      | 3203 ||| Stepping randomly (stuck).
  3204 | D:5      | 3204 ||| Stepping randomly (stuck).
  3205 | D:5      | 3205 ||| Stepping randomly (stuck).
  3206 | D:5      | 3206 ||| Stepping randomly (stuck).
  3207 | D:5      | 3207 ||| Stepping randomly (stuck).
  3208 | D:5      | 3208 ||| Stepping randomly (stuck).
  3209 | D:5      | 3209 ||| Stepping randomly (stuck).
  3210 | D:5      | 3210 ||| Stepping randomly (stuck).
  3211 | D:5      | 3211 ||| Stepping randomly (stuck).
  3212 | D:5      | 3212 ||| Stepping randomly (stuck).
  3213 | D:5      | 3213 ||| Stepping randomly (stuck).
  3214 | D:5      | 3214 ||| Stepping randomly (stuck).
  3215 | D:5      | 3215 ||| Stepping randomly (stuck).
  3216 | D:5      | 3216 ||| Stepping randomly (stuck).
  3217 | D:5      | 3217 ||| Stepping randomly (stuck).
  3218 | D:5      | 3218 ||| Stepping randomly (stuck).
  3219 | D:5      | 3219 ||| Stepping randomly (stuck).
  3220 | D:5      | 3220 ||| Stepping randomly (stuck).
  3221 | D:5      | 3221 ||| Stepping randomly (stuck).
  3222 | D:5      | 3222 ||| Stepping randomly (stuck).
  3223 | D:5      | 3223 ||| Stepping randomly (stuck).
  3224 | D:5      | 3224 ||| Stepping randomly (stuck).
  3225 | D:5      | 3225 ||| Stepping randomly (stuck).
  3226 | D:5      | 3226 ||| Stepping randomly (stuck).
  3227 | D:5      | 3227 ||| Stepping randomly (stuck).
  3228 | D:5      | 3228 ||| Stepping randomly (stuck).
  3229 | D:5      | 3229 ||| Stepping randomly (stuck).
  3292 | D:5      | Found Temeggum's Distillery.
  3334 | D:5      | 3334 ||| READING 2 scrolls of identify.
  3334 | D:5      | 3334 ||| IDENTIFYING amethyst potion
  3340 | Sewer    | Entered a sewer
  3365 | Sewer    | Reached skill level 1 in Dodging
  3475 | Sewer    | Noticed Pargi
  3487 | Sewer    | Killed Pargi
  3594 | Sewer    | 3594 ||| UPGRADING to +0 helmet.
  3599 | Sewer    | 3599 ||| UPGRADING to amulet of regeneration.
  3604 | Sewer    | 3604 ||| READING scroll labelled LIESICS WEBLI.
  3605 | Sewer    | 3605 ||| DRINKING 3 fuming red potions.
  3621 | D:5      | 3621 ||| PLANNING D:1-11
  3642 | D:5      | 3642 ||| BUYING potion of curing (36 gold).
  3642 | D:5      | Bought a potion of curing for 36 gold pieces
  3642 | D:5      | 3642 ||| BUYING potion of heal wounds (60 gold).
  3642 | D:5      | Bought a potion of heal wounds for 60 gold pieces
  3642 | D:5      | 3642 ||| BUYING potion of lignification (36 gold).
  3642 | D:5      | Bought a potion of lignification for 36 gold pieces
  3642 | D:5      | 3642 ||| BUYING potion of lignification (36 gold).
  3642 | D:5      | Bought a potion of lignification for 36 gold pieces
  3642 | D:5      | 3642 ||| BUYING potion of might (48 gold).
  3642 | D:5      | Bought a potion of might for 48 gold pieces
  3642 | D:5      | 3642 ||| SHOPLISTING potion of might (48 gold, have 24).
  3642 | D:5      | 3642 ||| SHOPLISTING potion of mutation (96 gold, have 24).
  3743 | D:5      | 3743 ||| Stepping ~*~*~tactically~*~*~ (stealth).
  3749 | D:5      | Found a staircase to the Ecumenical Temple.
  3750 | D:5      | 3750 ||| PLANNING TEMPLE
  3755 | D:5      | 3755 ||| Stepping ~*~*~tactically~*~*~ (stealth).
  3757 | D:5      | 3757 ||| Stepping ~*~*~tactically~*~*~ (hiding).
  3796 | Temple   | Entered the Ecumenical Temple
  3939 | Temple   | 3939 ||| PLANNING D:1-11
  4095 | D:5      | Reached skill level 7 in Axes
  4202 | D:5      | 4202 ||| Stepping ~*~*~tactically~*~*~ (hiding).
  4237 | D:5      | 4237 ||| DROPPING +0 whip.
  4313 | D:5      | 4313 ||| DROPPING ring of flight.
  4360 | D:6      | Reached XP level 8. HP: 40/49 MP: 8/8
  4551 | D:6      | Found a white marble altar of Elyvilon.
  4576 | D:6      | Found a hazy altar of Hepliaklqana.
  4670 | D:6      | Found an iron altar of Okawaru.
  4671 | D:6      | 4671 ||| PLANNING OKAWARU WORSHIP
  4678 | D:6      | Became a worshipper of Warmaster Okawaru
  4678 | D:6      | 4678 ||| PLANNING D:1-11
  4702 | D:6      | Reached skill level 8 in Axes
  4706 | D:6      | HP: 8/49 [ice beast (7)]
  4706 | D:6      | HP: 3/49 [something (1)]
  4707 | D:6      | 4707 ||| READING scroll of teleportation.
  4707 | D:6      | Mangled by an ice beast

Levels and vault maps discovered:
D:1:      dpeg_arrival_shrine, layout_loops_ring
D:2:      layout_rooms, kennysheep_generic_room_7
D:3:      layout_basic, amcnicky_mini_corridor_feature, grunt_ministairs_6,
          minmay_misc_feat_four_crosses, ebering_dispersal_statue_hall,
          kennysheep_orc_chapel
D:4:      layout_rooms, hangedman_decor_slide_cut, uniq_sigmund
D:5:      layout_loops_cross, minmay_temple_entry_wispy, serial_shops,
          nicolae_shop_gibbet_a_chance, gup_sewer_entry_glass
D:6:      layout_basic, makhleb_altar_promises_db, okawaru_ov_weapons_minmay,
          mainiacjoe_overflow_two_lobes, serial_shops,
          nicolae_shop_behind_doors, uniq_blork_the_orc
Temple:   hellmonk_temple_flake

Skill      XL: |  1  2  3  4  5  6  7  8 |
---------------+-------------------------+-----
Axes           | 2 3 4 5 7 8 |  8.1
Throwing       | 1 |  1.0
Fighting       | 4 5 |  5.3
Dodging        | 1 |  1.0
Armour         | |  3.2
Shields        | |  3.2

Action                     |  1- 3 |  4- 6 |  7- 9 || total
---------------------------+-------+-------+-------++-------
  Melee: War axe           |    64 |   138 |   144 ||   346
  Throw: Javelin           |    25 |     4 |       ||    29
    Use: Scroll            |     3 |     4 |     7 ||    14
         Potion            |       |     4 |     1 ||     5
 Armour: Scale mail        |    38 |    41 |       ||    79
         Chain mail        |       |    17 |   120 ||   137
  Dodge: Dodged            |    28 |    58 |    70 ||   156
  Block: Buckler           |    17 |    27 |    34 ||    78

Table legend:
 A = Non-vault XP
 B = Vault XP
 C = Vault XP percentage of total XP
 D = Non-vault monster count
 E = Vault monster count
 F = Vault count percentage of total count
                 A         B        C        D         E       F
            +---------+---------+-------+---------+---------+-------
      Total |    1137 |     516 |  31.2 |      74 |      17 |  18.7
            +---------+---------+-------+---------+---------+-------
        D:1 |      40 |       0 |   0.0 |      16 |       0 |   0.0
        D:2 |      50 |       3 |   5.7 |      16 |       2 |  11.1
        D:3 |      39 |      89 |  69.5 |      15 |       5 |  25.0
        D:4 |     205 |     223 |  52.1 |      11 |       1 |   8.3
        D:5 |     296 |      53 |  15.2 |       8 |       4 |  33.3
        D:6 |     507 |       0 |   0.0 |       8 |       0 |   0.0
      Sewer |       0 |     148 | 100.0 |       0 |       5 | 100.0
            +---------+---------+-------+---------+---------+-------
